 Dungeon Crawl Stone Soup version 0.30-a0-1035-g38d5fb2972 (webtiles) character file.

Game seed: 15120002225093042100

92 cdice the Conjurer (level 4, -2/26 HPs)
             Began as a Deep Elf Reaver on Apr 8, 2023.
             Succumbed to a kobold brigand's poison
             ... on level 3 of the Dungeon.
             The game lasted 00:05:53 (1587 turns).

cdice the Conjurer (Deep Elf Reaver)                Turns: 1587, Time: 00:05:53

Health: -2/26      AC:  4    Str:  8 (9)  XL:     4   Next: 35%
Magic:  11/11      EV: 12    Int: 16 (18) God:
Gold:   132        SH:  0    Dex: 15      Spells: 9/10 levels left

rFire   . . .      SeeInvis .    a - +0 short sword
rCold   . . .      Faith    .    (no shield)
rNeg    . . .      Spirit   .    b - +0 leather armour
rPois   .          Reflect  .    (no helmet)
rElec   .          Rampage  .    (no cloak)
rCorr   .                        (no gloves)
Will    .....                    f - +0 pair of boots
Stlth   +                        (no amulet)
HPRegen 0.24/turn                (no ring)
MPRegen 0.12/turn                (no ring)

@: lethally poisoned (-2 -> -12)
A: no striking features
a: no special abilities


You were on level 3 of the Dungeon.
You visited 1 branch of the dungeon, and saw 3 of its levels.

You collected 132 gold pieces.

Inventory:

Hand Weapons
 a - a +0 short sword (weapon)
Missiles
 e - a throwing net
Armour
 b - a +0 leather armour (worn)
 f - a +0 pair of boots (worn)
Scrolls
 d - a scroll of amnesia {unknown}
 g - 3 scrolls of teleportation {unknown}
 h - a scroll of noise {unknown}
 j - a scroll of identify {unknown}
 k - a scroll of magic mapping {unknown}
 l - a scroll of fear {unknown}
Potions
 c - 2 potions of degeneration


   Skills:
 + Level 2.0 Fighting
 + Level 3.5 Short Blades
 + Level 0.5 Armour
 + Level 3.1 Dodging
 + Level 0.5 Stealth
 + Level 3.6 Spellcasting
 * Level 3.9 Conjurations


You had 9 spell levels left.
You knew the following spells:

 Your Spells              Type           Power      Damage    Failure   Level
a - Kiss of Death         Conj/Necr      36%        2d8       11%         1

Your spell library contained the following spells:

 Spells                   Type           Power      Damage    Failure   Level
 Momentum Strike          Conj/Tloc      18%        3d8       17%         2
 Hailstorm                Conj/Ice       9%         3d4       32%         3


Dungeon Overview and Level Annotations

Branches:
Dungeon (3/15)

Altars:


Message History

The kobold is severely wounded.
The kobold hits you with a +0 dagger.
You barely miss the kobold.
The kobold is severely wounded.
You hit the kobold.
You kill the kobold!
The kobold brigand hits you with a +0 club.
Items here: )) ††.
The kobold brigand throws a poisoned dart.
The poisoned dart misses you.
The kobold brigand hits you with a +0 club.
Items here: )) ††.
The kobold brigand hits you with a +0 club.
You hit the kobold brigand but do no damage.
The kobold brigand hits you with a +0 club.
* * * LOW HITPOINT WARNING * * *
An orc priest comes into view. It is wielding a +0 short sword.
The orc priest shouts!
You hear a shout! x2
The kobold brigand hits you with a +0 club.
* * * LOW HITPOINT WARNING * * *
Items here: )) ††.
You feel better.
The kobold brigand hits you with a +0 club!
The orc priest casts a cantrip, but nothing happens.
The kobold brigand attacks as you move away!
The kobold brigand hits you with a +0 club.
* * * LOW HITPOINT WARNING * * *
The kobold brigand throws a poisoned dart.
The poisoned dart barely misses you.
The kobold brigand throws a poisoned dart.
The poisoned dart hits you!
You are lethally poisoned!
* * * LOW HITPOINT WARNING * * *
You feel very sick.
The kobold brigand throws a poisoned dart.
The poisoned dart hits you.
You are more poisoned.
* * * LOW HITPOINT WARNING * * *
You feel very sick.
You die...

.....# #.#
#))######.#
#..)o.....#
#.#.)..o###
#.....#K#
#######.#
#.# #.# #@#
#.# #.# #.#
#.# #.# #.#
..#


You could see a kobold brigand and an orc priest.

Vanquished Creatures
  4 adders (D:2)
  3 dart slugs
  6 ball pythons
  2 endoplasms
  3 giant cockroaches
  2 goblins (D:2)
  3 hobgoblins
  4 jackals (D:1)
  2 quokkas (D:1)
  3 bats
  A frilled lizard (D:1)
  12 kobolds
  4 rats
49 creatures vanquished.

Notes
Turn   | Place    | Note
-------+----------+-------------------------------------------
     0 | D:1      | cdice the Deep Elf Reaver began the quest for the Orb.
     0 | D:1      | Reached XP level 1. HP: 12/12 MP: 6/6
   218 | D:1      | Reached XP level 2. HP: 16/16 MP: 8/8
   632 | D:1      | Reached XP level 3. HP: 21/21 MP: 9/9
   872 | D:2      | Found a faded altar of an unknown god.
  1264 | D:2      | Reached XP level 4. HP: 25/26 MP: 11/11
  1563 | D:3      | Noticed a kobold brigand
  1586 | D:3      | HP: 1/26 [poisoned by a kobold brigand]
  1587 | D:3      | Succumbed to a kobold brigand's poison

Illustrated notes

Levels and vault maps discovered:
D:1:      dpeg_arrival_connections, layout_rooms
D:2:      layout_basic, dreamdust_ecumenical_altar_statues
D:3:      cheibrodos_thug_alley, layout_basic

Skill      XL: |  1  2  3 |
---------------+----------+-----
Fighting       | 2 |  2.0
Dodging        | 3 |  3.1
Short Blades   | |  3.5
Armour         | |  0.5
Stealth        | |  0.5
Spellcasting   | |  3.6
Conjurations   | |  3.9

Action                     |  1- 3 |  4- 6 || total
---------------------------+-------+-------++-------
  Melee: Short sword       |   199 |    48 ||   247
         Punch             |     2 |       ||     2
    Use: Potion            |     3 |     1 ||     4
   Stab: Sleeping          |     1 |       ||     1
 Armour: Leather armour    |    55 |    11 ||    66
  Dodge: Dodged            |   138 |    19 ||   157

Table legend: (Time is in decaauts)
 A = Elapsed time spent in this place.
 B = Non-inter-level travel time spent in this place.
 C = Inter-level travel time spent in this place.
 D = Time resting spent in this place.
 E = Time spent auto-exploring this place.
 F = Levels seen in this place.
 G = Mean time per level.
                   A        B        C        D        E       F      G
               +--------+--------+--------+--------+--------+-----+--------+
         Total |   1545 |   1493 |     52 |      0 |   1071 |   3 |  515.0 |
       Dungeon |   1545 |   1493 |     52 |      0 |   1071 |   3 |  515.0 |
               +--------+--------+--------+--------+--------+-----+--------+

Top non-repeatable levels by time:
     D:2: 847 daAuts
     D:1: 625 daAuts
     D:3: 72 daAuts
